 Dungeon Crawl Stone Soup version 0.29-a0-8-g0446c0dae4 (webtiles) character file.

Game seed: 13344779831922040261

10299 gruber the Fighter (level 11, 0/102 HPs)
             Began as a Green Draconian Conjurer on Jan 27, 2022.
             Was a Follower of Dithmenos.
             Killed from afar by a fire dragon (13 damage)
             ... with a blast of flame
             ... on level 11 of the Dungeon.
             The game lasted 00:14:22 (11631 turns).

gruber the Fighter (Green Draconian Conjurer)      Turns: 11631, Time: 00:14:23

Health: 0/102      AC: 13    Str:  9    XL:     11   Next: 34%
Magic:  27/27      EV: 14    Int: 23    God:    Dithmenos [*.....]
Gold:   504        SH:  0    Dex: 15    Spells: 14/20 levels left

rFire   + + .      SeeInvis .   n - +8 short sword of Ulupeso {distort, rF++ rC+ Dex+5}
rCold   + . .      Faith    .   e - orb {guile}
rNeg    . . .      Spirit   .   (armour unavailable)
rPois   +          Reflect  .   (helmet restricted)
rElec   .          Harm     .   o - +2 cloak {rCorr}
rCorr   +          Rampage  .   w - +1 pair of gloves
Will    .....                   A - +0 pair of boots
Stlth   +++++.....              C - amulet of the acrobat
HPRegen 0.27/turn               F - ring of magical power
MPRegen 0.20/turn               (no ring)

@: mighty, attractive, wreathed by umbra
A: breathe noxious fumes, AC +7, unfitting armour, poison resistance,
cold-blooded
a: Breathe Noxious Fumes, Renounce Religion


You were on level 11 of the Dungeon.
You worshipped Dithmenos.
Dithmenos was aware of your devotion.
You visited 2 branches of the dungeon, and saw 12 of its levels.

You collected 504 gold pieces.

Inventory:

Hand Weapons
 m - the +10 mace "Emo Had" {vorpal, SInv}
   (You found it on level 8 of the Dungeon)

   It inflicts extra damage upon your enemies.
   SInv:      It lets you see invisible.
 n - the +8 short sword of Ulupeso (weapon) {distort, rF++ rC+ Dex+5}
   (You found it on level 3 of the Dungeon)

   It warps and distorts space around it, and may blink, banish, or inflict
   extra damage upon those it strikes.
   Unwielding it can cause banishment or high damage.
   Dex:       It affects your dexterity (+5).
   rF:        It greatly protects you from fire.
   rC:        It protects you from cold.
Missiles
 D - 2 throwing nets
Armour
 e - an orb of guile (worn)
 o - a +2 cloak of preservation (worn)
 w - a +1 pair of gloves (worn)
 A - a +0 pair of boots (worn)
Jewellery
 C - an amulet of the acrobat (around neck)
 F - a ring of magical power (left hand)
Wands
 B - a wand of flame (39)
Scrolls
 b - 11 scrolls of teleportation {unknown}
 d - a scroll of acquirement {unknown}
 g - 9 scrolls of identify {unknown}
 h - 2 scrolls of fog {unknown}
 i - 2 scrolls of fear {unknown}
 p - 2 scrolls of vulnerability {unknown}
 s - 2 scrolls of immolation {unknown}
 t - 2 scrolls of enchant armour {unknown}
 v - 2 scrolls of noise {unknown}
 x - a scroll of summoning {unknown}
 y - a scroll of blinking {unknown}
 z - a scroll of enchant weapon {unknown}
Potions
 a - 2 potions of haste
 c - 2 potions of attraction
 f - a potion of invisibility {unknown}
 j - 2 potions of heal wounds
 k - 2 potions of lignification {unknown}
 l - 3 potions of might
 q - a potion of mutation {unknown}
 r - a potion of cancellation {unknown}
 u - a potion of flight {unknown}
 E - a potion of resistance {unknown}


   Skills:
 - Level 11.1 Fighting
 - Level 5.0 Short Blades
 * Level 5.1 Dodging
 - Level 9.5 Stealth
 - Level 5.2 Spellcasting
 - Level 8.1 Conjurations


You had 14 spell levels left.
You knew the following spells:

 Your Spells              Type           Power      Damage    Failure   Level
a - Magic Dart            Conj           100%       1d8       1%          1
b - Searing Ray           Conj           86%        2d7       1%          2
c - Dazzling Flash        Conj/Hex       48%        N/A       5%          3

Your spell library contained the following spells:

 Spells                   Type           Power      Damage    Failure   Level
 Animate Skeleton         Necr           12%        N/A       10%         1
 Pain                     Necr           24%        1d5       10%         1
 Fulminant Prism          Conj/Hex       12%        3d9       17%         4
 Iskenderun's Mystic Bla  Conj/Tloc      24%        2d7       17%         4
 Vampiric Draining        Necr           6%         2d6       28%         3
 Animate Dead             Necr           3%         N/A       67%         4
 Borgnjor's Vile Clutch   Necr/Erth      3%         N/A       95%         5
 Death Channel            Necr           3%         N/A       100%        6
 Haunt                    Necr/Summ      3%         N/A       100%        7
 Infestation              Necr           3%         N/A       100%        8


Dungeon Overview and Level Annotations

Branches:
Dungeon (11/15)            Temple (1/1) D:7            Lair (0/6) D:11
    Orc (0/2) D:11

Altars:
Ashenzari
Cheibriados
Dithmenos
Elyvilon
Gozag
Hepliaklqana
Kikubaaqudgha
Makhleb
Okawaru
Uskayaw
Vehumet
Xom

Shops:
D:5 (

Portals:
Trove: D:10 (give +4 fire dragon scales)

Annotations:
D:10 3 runed translucent doors, exclusion: ice statue, numbers123456's ghost, journeyman DrFE
Abyss:1 Maggie


Innate Abilities, Weirdness & Mutations

You can breathe blasts of noxious fumes.
Your lurid green scales are hard. (AC +7)
You cannot fit into any form of body armour.
Your system is resistant to poisons. (rPois)
You are cold-blooded and may be slowed by cold attacks.


Message History

Space warps horribly around the howler monkey!!
You kill the howler monkey!
Dithmenos accepts your kill.
The orc throws a stone.
The stone hits you but does no damage.
The orc hits the orc with a +0 dagger.
The orc warrior hits you with a +0 dire flail!
* * * LOW HITPOINT WARNING * * *
The fire dragon is attracted toward you.
Your Dodging skill increases to level 5!
Unknown command.
Unknown command.
Unknown command.
You puncture the orc warrior!
Space warps horribly around the orc warrior!
The orc warrior is severely wounded.
The orc hits the orc wizard with a +0 dagger.
The orc wizard closely misses you. The orc warrior closely misses you.
Unknown command.
Unknown command.
You puncture the orc warrior!
You kill the orc warrior!
Dithmenos accepts your kill.
Unknown command.
Unknown command.
Unknown command.
You puncture the fire dragon!
Space warps horribly around the fire dragon!
Your tail-slap misses the fire dragon.
The fire dragon is severely wounded.
The orc wizard hits you but does no damage.
The fire dragon breathes flames at you. The blast of flame misses you.
The orc is attracted toward you.
Unknown command.
Unknown command.
You puncture the fire dragon!
Space warps around the fire dragon.
You tail-slap the fire dragon.
The fire dragon is almost dead.
The fire dragon breathes flames at you. The blast of flame hits you!
You resist.
You die...

.....##....##....##o........
...........##...............
...................o........
##.######.......####D.....#
##.# #.. ....# #...###.#
##.. .. #.)## .# # .## #
###..# ###..# ###D.).##
<.##.# #.@oo...# #....#
#.##o§...... #.#.[#
####....###. #.#..## #..>.#
#....)# #....# .###..#
#....# ####..# #..o.#
......# ####..######


You could see a fire dragon (catching breath), an orc wizard and 2 orcs.

Vanquished Creatures
  Erica (D:11)
  Pikel (D:7)
  An ugly thing (D:11)
  Joseph (D:7)
  Prince Ribbit (D:7)
  2 wyverns
  14 yaks (D:10)
  A vampire mosquito (D:11)
  An acid dragon (D:11)
  3 water moccasins
  4 orc warriors
  2 ogres
  2 black bears
  3 sky beasts
  2 necrophages
  3 centaurs
  2 lemures (D:7)
  5 bullfrogs
  A scorpion (D:5)
  A water moccasin skeleton (D:6)
  4 killer bees (D:7)
  16 wights
  4 howler monkeys
  7 centaur zombies
  2 hounds
  A jelly (D:6)
  2 gnoll shamans
  2 orc priests
  Crazy Yiuf (D:4)
  2 bullfrog skeletons
  4 iguanas
  6 orc wizards
  A hound skeleton (D:4)
  A howler monkey zombie (D:9)
  8 gnolls
  3 adders
  A shadow imp (D:8)
  A white imp (D:6)
  A dart slug (D:1)
  28 orcs
  8 ball pythons
  5 bats
  7 endoplasms
  2 giant cockroaches
  5 hobgoblins
  6 jackals (D:2)
  4 kobolds
  7 quokkas
  5 frilled lizards
  8 goblins
  8 rats
211 creatures vanquished.

Vanquished Creatures (others)
  An orc wizard (D:8)
1 creature vanquished.

Grand Total: 212 creatures vanquished

Notes
Turn   | Place    | Note
-------+----------+-------------------------------------------
     0 | D:1      | gruber the Draconian Conjurer began the quest for the Orb.
     0 | D:1      | Reached XP level 1. HP: 14/14 MP: 3/3
   191 | D:1      | Reached XP level 2. HP: 2/20 MP: 1/5
  1010 | D:1      | Reached skill level 5 in Conjurations
  1069 | D:1      | Reached XP level 3. HP: 26/26 MP: 3/6
  1594 | D:2      | Found a broken altar of Ashenzari.
  1813 | D:2      | Found a faded altar of an unknown god.
  2441 | D:2      | Learned a level 2 spell: Searing Ray
  2607 | D:3      | Identified the +8 short sword of Ulupeso {distort, rF++ rC+
                  | Dex+5}
  2700 | D:3      | Found a white marble altar of Elyvilon.
  2787 | D:3      | Reached XP level 4. HP: 31/33 MP: 7/7
  3355 | D:4      | Reached XP level 5. HP: 30/38 MP: 8/8
  3676 | D:4      | Reached XP level 6. HP: 45/45 MP: 3/9
  4419 | D:4      | Your scales start taking on a lurid green colour.
  4419 | D:4      | Reached XP level 7. HP: 19/50 MP: 5/11
  4419 | D:4      | Gained mutation: Your system is resistant to poisons.
                  | (rPois) [Green Draconian growth]
  4695 | D:4      | Found a runed translucent door.
  4696 | D:4      | Noticed Crazy Yiuf
  4703 | D:4      | Killed Crazy Yiuf
  4765 | D:5      | Entered Level 5 of the Dungeon
  5019 | D:5      | Reached skill level 5 in Spellcasting
  5091 | D:5      | Reached skill level 1 in Fighting
  5205 | D:5      | Found Cealao's Antique Weapon Shoppe.
  5293 | D:5      | Reached skill level 2 in Fighting
  5295 | D:5      | Reached skill level 3 in Fighting
  5295 | D:5      | Reached XP level 8. HP: 51/63 MP: 15/15
  5565 | D:6      | Reached skill level 4 in Fighting
  5712 | D:6      | Reached skill level 5 in Fighting
  5740 | D:6      | Found an opulent altar of Gozag.
  5807 | D:6      | Reached skill level 6 in Fighting
  5819 | D:6      | Reached skill level 1 in Short Blades
  5884 | D:6      | Found an ancient bone altar of Kikubaaqudgha.
  6196 | D:7      | Noticed Joseph
  6210 | D:7      | Killed Joseph
  6211 | D:7      | Reached skill level 5 in Short Blades
  6211 | D:7      | Reached XP level 9. HP: 71/75 MP: 16/16
  6649 | D:7      | Reached skill level 5 in Stealth
  6819 | D:7      | Noticed Prince Ribbit
  6819 | D:7      | Noticed Pikel
  6833 | D:7      | Killed Pikel
  6848 | D:7      | Killed Prince Ribbit
  7078 | D:7      | Found a staircase to the Ecumenical Temple.
  7722 | Temple   | Entered the Ecumenical Temple
  7786 | Temple   | Became a worshipper of Dithmenos the Shadowed
  7969 | D:8      | Identified the +10 mace "Emo Had" {vorpal, SInv}
  7971 | D:8      | Noticed Maggie
  8096 | D:8      | Reached XP level 10. HP: 71/83 MP: 17/17
  8159 | D:8      | Found an iron altar of Okawaru.
  8194 | D:8      | Banished Maggie
  8417 | D:8      | Found a hazy altar of Hepliaklqana.
  8420 | D:8      | Found a snail-covered altar of Cheibriados.
  8420 | D:8      | Found a burning altar of Makhleb.
  8648 | D:8      | Learned a level 3 spell: Dazzling Flash
  8653 | D:8      | Found a hide-covered altar of Uskayaw.
  8656 | D:8      | Found a radiant altar of Vehumet.
  9359 | D:9      | Reached skill level 7 in Fighting
  9491 | D:10     | Entered Level 10 of the Dungeon
  9518 | D:9      | Reached * piety under Dithmenos
  9689 | D:10     | Reached skill level 8 in Fighting
  9838 | D:10     | Reached skill level 9 in Fighting
  9947 | D:10     | Reached skill level 10 in Fighting
  9998 | D:10     | Reached XP level 11. HP: 95/101 MP: 18/18
 10048 | D:10     | Reached skill level 11 in Fighting
 10126 | D:10     | Found a runed translucent gate.
 10126 | D:10     | Noticed an eight-headed hydra
 10127 | D:10     | Found a runed translucent gate.
 10132 | D:10     | Found a runed translucent gate.
 10145 | D:10     | Noticed numbers123456's ghost (journeyman DrFE)
 10346 | D:10     | Found a portal to a secret trove of treasure.
 10798 | D:11     | Noticed Erica
 10825 | D:11     | Noticed a purple ugly thing
 10839 | D:11     | Killed a purple ugly thing
 10878 | D:11     | Found a staircase to the Lair.
 10879 | D:11     | Noticed a fire dragon
 11361 | D:11     | Killed Erica
 11574 | D:11     | Found a staircase to the Orcish Mines.
 11628 | D:11     | Reached skill level 5 in Dodging
 11631 | D:11     | Killed from afar by a fire dragon

Illustrated notes

Levels and vault maps discovered:
D:1:      dpeg_arrival_prison, layout_loops_ring, minmay_tromino_v7
D:2:      layout_loops_ring, ebering_ecumenical_altar_sacrificial, basic_altar
D:3:      layout_rooms, nicolae_elyvilon_peaceful_grove, hex_large,
          mrwooster_statue_mirror
D:4:      layout_basic, uniq_crazy_yiuf_cottage
D:5:      layout_basic, serial_shops, shop
D:6:      layout_loops_ring, mainiacjoe_overflow_catch_the_wave
D:7:      layout_loops_corners, minmay_temple_entry_wispy, uniq_prince_ribbit1,
          uniq_pikel, uniq_joseph
D:8:      layout_rooms, okawaru_metal_pillars_1_2,
          minmay_overflow_temple_star_hex, uniq_maggie
D:9:      layout_basic
D:10:     layout_roguey, enter_trove_2, gammafunk_ghost_split, minivault_15
D:11:     layout_rooms, minmay_lair_entry_lava, erik_orc_4,
          serial_co_window_serial, co_window_paths_a, co_window_paths_a,
          co_window_corner_a, co_window_corner_a, co_window_paths_a,
          co_window_2corner, co_window_unsneaky_path_d,
          co_window_of_opportunity_b, co_window_4corner_a, uniq_erica
Temple:   nicolae_temple_figure_eight

Skill      XL: |  1  2  3  4  5  6  7  8  9 10 11 |
---------------+----------------------------------+-----
Conjurations   | 5 6 7 8 |  8.1
Spellcasting   | 3 5 |  5.2
Fighting       | 3 6 10 11 | 11.1
Short Blades   | 5 |  5.0
Stealth        | 8 9 |  9.5
Dodging        | 5 |  5.1

Action                   |  1- 3 |  4- 6 |  7- 9 | 10-12 || total
-------------------------+-------+-------+-------+-------++-------
Melee: Unarmed           |    20 |       |       |       ||    20
       Tailslap          |    10 |     7 |    22 |    47 ||    86
       Staff             |    30 |       |       |       ||    30
       Short sword       |     8 |    82 |   189 |   213 ||   492
       Dagger            |     2 |       |       |       ||     2
       Punch             |     1 |     1 |     3 |       ||     5
 Cast: Magic Dart        |    80 |       |     1 |     7 ||    88
       Searing Ray       |       |     2 |       |       ||     2
 Abil: Breathe Noxious F |       |       |    13 |    10 ||    23
  Use: Potion            |       |       |     4 |     2 ||     6
 Stab: Sleeping          |     1 |     2 |     4 |     6 ||    13
       Confused          |       |       |     8 |    11 ||    19
       Distracted        |       |       |       |     1 ||     1
Armor: Skin              |    19 |    25 |    79 |    78 ||   201
Dodge: Dodged            |    62 |    46 |   139 |   126 ||   373

Table legend: (Time is in decaauts)
 A = Elapsed time spent in this place.
 B = Non-inter-level travel time spent in this place.
 C = Inter-level travel time spent in this place.
 D = Time resting spent in this place.
 E = Time spent auto-exploring this place.
 F = Levels seen in this place.
 G = Mean time per level.
                   A        B        C        D        E       F      G
               +--------+--------+--------+--------+--------+-----+--------+
         Total |  11602 |  11165 |    437 |    563 |   8777 |  12 |  966.8 |
       Dungeon |  11522 |  11114 |    408 |    563 |   8728 |  11 | 1047.5 |
        Temple |     79 |     50 |     29 |      0 |     49 |   1 |   79.0 |
               +--------+--------+--------+--------+--------+-----+--------+

Top non-repeatable levels by time:
     D:1: 1596 daAuts
     D:7: 1523 daAuts
    D:10: 1498 daAuts
     D:4: 1439 daAuts
     D:8: 917 daAuts
     D:3: 885 daAuts
     D:2: 861 daAuts
     D:9: 783 daAuts
     D:6: 732 daAuts
     D:5: 703 daAuts
    D:11: 579 daAuts
  Temple: 79 daAuts
